 Dungeon Crawl Stone Soup version 0.26.1-11-gd32895ea62 (webtiles) character file.

Game seed: 14663688316390733675

53 buriedalive the Chiller (level 3, -1/19 HPs)
             Began as a Deep Elf Ice Elementalist on June 22, 2021.
             Slain by Crazy Yiuf
             ... wielding a +3 quarterstaff of chaos
              (3 damage)
             ... on level 2 of the Dungeon.
             The game lasted 00:01:36 (1461 turns).

buriedalive the Chiller (Deep Elf Ice Elementalist) Turns: 1461, Time: 00:01:36

Health: -1/19      AC:  2    Str:  3    XL:     3   Next: 64%
Magic:  4/9        EV: 14    Int: 20    God:
Gold:   85         SH:  0    Dex: 15    Spells: 1/8 levels left

rFire    . . .     SeeInvis .   d - +2 dagger (freeze)
rCold    . . .     Faith    .   (no shield)
rNeg     . . .     Spirit   .   a - +0 robe
rPois    .         Reflect  .   (helmet restricted)
rElec    .         Harm     .   (no cloak)
rCorr    .         Rampage  .   (no gloves)
Will     .....                  (no boots)
Stlth    ++........             (no amulet)
HPRegen  0.06/turn              (no ring)
MPRegen  0.11/turn              (no ring)

@: frozen ramparts
A: horns 2, weak 1
a: no special abilities


You were on level 2 of the Dungeon.
You visited 1 branch of the dungeon, and saw 2 of its levels.

You collected 85 gold pieces.

Inventory:

Hand Weapons
 d - a +2 dagger of freezing (weapon)
Missiles
 h - 68 stones
 i - 14 poisoned darts
Armour
 a - a +0 robe (worn)
Scrolls
 b - 2 scrolls of enchant weapon {unknown}
 c - a scroll of immolation {unknown}
 e - 2 scrolls of fog {unknown}
 f - 2 scrolls of teleportation {unknown}
 g - a scroll of fear {unknown}
Potions
 j - a potion of haste {unknown}


   Skills:
 + Level 3.9 Dodging
 - Level 2.4 Stealth
 - Level 3.0 Spellcasting
 + Level 5.2 Ice Magic


You had one spell level left.
You knew the following spells:

 Your Spells              Type           Power        Failure   Level
a - Freeze                Ice            92%          1%          1
b - Frozen Ramparts       Ice            46%          4%          3
c - Ozocubu's Armour      Ice            23%          4%          3

Your spell library contained the following spells:

 Spells                   Type           Power        Failure   Level
 Hailstorm                Conj/Ice       13%          43%         4
 Summon Ice Beast         Ice/Summ       13%          43%         4


Dungeon Overview and Level Annotations

Branches:
Dungeon (2/15)

Altars:

Annotations:
D:2 Crazy Yiuf


Innate Abilities, Weirdness & Mutations

You have a pair of horns on your head.
You are weak. (Str -2)


Message History

Casting: Frozen Ramparts (quite dangerous; 4% risk of failure)
Confirm with . or Enter, or press ? or * to list all spells.
Aiming: Freeze (safe; 1% risk of failure)
Press: ? - help, Shift-Dir - straight line, f - Crazy Yiuf
Aim: Crazy Yiuf, wielding a +3 quarterstaff of chaos and wearing a +0 cloak (moderately wounded)
You freeze Crazy Yiuf.
Crazy Yiuf is severely wounded.
Unknown command.
Casting: Freeze (safe; 1% risk of failure)
Confirm with . or Enter, or press ? or * to list all spells.
Aiming: Freeze (safe; 1% risk of failure)
Press: ? - help, Shift-Dir - straight line, f/p - Crazy Yiuf
Aim: Crazy Yiuf, wielding a +3 quarterstaff of chaos and wearing a +0 cloak (severely wounded)
You freeze Crazy Yiuf.
Crazy Yiuf is severely wounded.
The wall freezes Crazy Yiuf.
Crazy Yiuf hits you with a +3 quarterstaff of chaos!
* * * LOW HITPOINT WARNING * * *
Crazy Yiuf burns you.
You die...

#....####........
#+..+#
#...####..#
♣....♣
#..........
♣♣P..♣
#.#.####..# ♣♣.♣♣
#.#........ ♣♣.♣
#....###..# ♣.♣♣
#.#.## ♣♣.♣
#.#... # ♣@♣♣
#.##### .# #g#
#.# ..# ...
#.#####...# #...#
#.........# #)..#
##...##.####
#####
#...........
#......#####
#......# ##†...##


You could see Crazy Yiuf.

Vanquished Creatures
  Terence (D:2)
  An adder (D:2)
  A worm (D:2)
  2 dart slugs (D:1)
  A giant cockroach (D:1)
  2 hobgoblins (D:1)
  4 kobolds
  2 bats
  A rat (D:1)
15 creatures vanquished.

Notes
Turn   | Place    | Note
-------+----------+-------------------------------------------
     0 | D:1      | buriedalive the Deep Elf Ice Elementalist began the quest
                  | for the Orb.
     0 | D:1      | Reached XP level 1. HP: 10/10 MP: 6/6
   176 | D:1      | Gained mutation: You have a pair of small horns on your
                  | head. [potion of mutation]
   176 | D:1      | Gained mutation: You are weak. (Str -2) [potion of
                  | mutation]
   176 | D:1      | Gained mutation: You have a pair of horns on your head.
                  | [potion of mutation]
   613 | D:1      | Reached XP level 2. HP: 8/15 MP: 6/8
  1129 | D:2      | Noticed Terence
  1135 | D:2      | Killed Terence
  1136 | D:2      | Reached skill level 5 in Ice Magic
  1136 | D:2      | Reached XP level 3. HP: 12/19 MP: 4/9
  1140 | D:2      | Learned a level 3 spell: Frozen Ramparts
  1144 | D:2      | Learned a level 3 spell: Ozocubu's Armour
  1454 | D:2      | Found a runed translucent door.
  1455 | D:2      | Noticed Crazy Yiuf
  1461 | D:2      | Slain by Crazy Yiuf

Illustrated notes

Levels and vault maps discovered:
D:1:      matt_arrival_refuge, layout_basic
D:2:      layout_loops_ring, minivault_26, uniq_crazy_yiuf_cottage, uniq_terence

Skill      XL: |  1  2 |
---------------+-------+-----
Dodging        | 3 |  3.9
Ice Magic      | 5 |  5.2
Stealth        | |  2.4
Spellcasting   | |  3.0

Action                   || total
-------------------------++-------
Melee: Unarmed           ||     3
       Dagger            ||     8
       Headbutt          ||     2
 Cast: Freeze            ||    19
       Frozen Ramparts   ||     1
  Use: Potion            ||     1
 Stab: Sleeping          ||     5
Armor: Robe              ||     2
Dodge: Dodged            ||    13
